 Dungeon Crawl Stone Soup version 0.21.1-1-g345015f (webtiles) character file.

22001 Monsterracer the Cleaver (level 12, -2/101 HPs)
             Began as a Yellow Draconian Venom Mage on June 3, 2018.
             Slain by a vampire mosquito (8 damage)
             ... on level 4 of the Lair of Beasts on June 4, 2018.
             The game lasted 00:57:26 (22189 turns).

Monsterracer the Cleaver (DrVM)                    Turns: 22189, Time: 00:57:27

Health: -2/101     AC: 13    Str: 10 (11) XL:     12   Next: 59%
Magic:  3/32       EV: 13    Int: 19      God:    Xom [....*.]
Gold:   628        SH:  0    Dex:  7      Spells: 9/26 levels left

rFire    . . .     SeeInvis +   a - +0 war axe (elec)
rCold    . . .     Gourm    .   (no shield)
rNeg     . . .     Faith    +   (armour unavailable)
rPois    .         Spirit   .   (helmet restricted)
rElec    .         Reflect  .   o - +1 cloak
rCorr    +         Harm     .   q - +1 pair of gloves
MR       +....                  B - +0 pair of boots
Stlth    ++........             t - amulet of faith
HPRegen  0.26/turn              p - ring of protection from magic {!d}
MPRegen  0.23/turn              x - ring of magical power

@: very slightly contaminated
A: spit acid, acid resistance, unfitting armour, talons 1, see invisible, blink,
clumsy 2, deterioration 1, dopey 1, wild magic 1, cold-blooded, AC +8
a: Breathe Acid, Blink, Renounce Religion


You were on level 4 of the Lair of Beasts.
You worshipped Xom.
You were a beloved toy of Xom.
You were near starving.

You visited 3 branches of the dungeon, and saw 16 of its levels.
You also visited: Sewer and Ice Cave.

You collected 964 gold pieces.
You spent 336 gold pieces at shops.

Inventory:

Hand Weapons
 a - a +0 war axe of electrocution (weapon)
 b - a +3 mace of freezing
Armour
 d - the +8 chain mail "Wucuuj" {Str+5 Dex+4, GODDAMN YOU STOOPID RNG}
   (You found it on level 10 of the Dungeon)

   It affects your strength (+5).
   It affects your dexterity (+4).
 o - a +1 cloak (worn)
 q - a +1 pair of gloves (worn)
 B - a +0 pair of boots (worn)
Jewellery
 l - an uncursed ring of positive energy
 p - a ring of protection from magic (left hand) {!d}
 t - an amulet of faith (around neck)
 x - a ring of magical power (right hand)
 y - an uncursed ring of fire
 A - a +4 amulet of reflection
Wands
 s - a wand of digging (37)
 w - a wand of paralysis (22)
 G - a wand of disintegration (15)
 J - a wand of scattershot (7)
Scrolls
 e - 5 scrolls of fear {!r}
 f - 5 scrolls of teleportation
 j - 2 scrolls of enchant weapon
 n - 5 scrolls of amnesia
 u - 6 scrolls of remove curse
 v - 2 scrolls of immolation {!r}
 E - 3 scrolls of magic mapping {!r}
 L - a scroll of brand weapon
Potions
 g - a potion of cancellation
 h - 2 potions of heal wounds
 i - 5 potions of flight
 k - 2 potions of haste
 m - 3 potions of lignification
 r - a potion of might
 z - a potion of mutation {!q}
 C - 5 potions of curing
 D - a potion of brilliance
 F - a potion of agility {unknown}
 H - a potion of invisibility {unknown}
Miscellaneous
 I - a phantom mirror
Comestibles
 c - 15 rations


   Skills:
 + Level 7.8 Fighting
 * Level 10.4 Axes
 + Level 5.6 Dodging
 + Level 2.5 Stealth
 - Level 7.5 Spellcasting
 - Level 5.0 Conjurations
 + Level 4.6 Summonings
 + Level 6.6 Air Magic
 - Level 10.0 Poison Magic
 + Level 3.4 Evocations


You had 9 spell levels left.
You knew the following spells:

 Your Spells              Type           Power        Failure   Level  Hunger
a - Summon Lightning Spi  Summ/Air       #####...     13%         4    ###....
b - Conjure Flame         Conj/Fire      ###.....     16%         3    #......
c - Mephitic Cloud        Conj/Pois/Air  #####...     3%          3    #......
d - Olgreb's Toxic Radia  Pois           ######..     3%          4    ###....
e - Blink                 Tloc           N/A          21%         2    None
f - Magic Dart            Conj           ####         2%          1    None


Dungeon Overview and Level Annotations

Branches:
Dungeon (11/15)            Temple (1/1) D:6            Lair (4/6) D:11
  Snake (0/4) Lair:2          Orc (0/2) D:10
  Swamp: Lair:2-4    Shoals: Lair:2-4

Altars:
Ashenzari
Cheibriados
Dithmenos
Elyvilon
Fedhas
Gozag
Hepliaklqana
Kikubaaqudgha
Makhleb
Nemelex Xobeh
Okawaru
Qazlal
Ru
Sif Muna
Trog
Uskayaw
Vehumet
Wu Jian
Xom
Yredelemnul
Zin
The Shining One

Shops:
D:6 ?   D:7 (

Portals:
Trove: D:10 (give 2 scrolls of acquirement)

Annotations:
D:10 Nergalle


Innate Abilities, Weirdness & Mutations

You can spit globs of acid.
You are resistant to acid.
Your golden yellow scales are hard. (AC +8)
You cannot fit into any form of body armour.
You are cold-blooded and may be slowed by cold attacks.
You have sharp toenails.
You have supernaturally acute eyesight. (SInv)
You can translocate small distances at will.
You are very clumsy. (Dex -4)
Your body sometimes deteriorates upon taking damage.
You are dopey. (Int -2)
Your spells are a little harder to cast, but a little more powerful.


Message History

You miss the vampire mosquito. You tail-slap the vampire mosquito.
The vampire mosquito is lightly damaged.
The vampire mosquito misses you.
The elephant tramples your lightning spire!
Your lightning spire is destroyed!
The vampire mosquito bites you but does no damage.
You completely miss the vampire mosquito.
The vampire mosquito is lightly damaged.
The vampire mosquito bites you but does no damage. x2
Casting: Summon Lightning Spire
Confirm with . or Enter, or press ? or * to list all spells.
You begin to radiate toxic energy.
The elephant is poisoned.
The vampire mosquito misses you. The elephant tramples you!
* * * LOW HITPOINT WARNING * * *
You stumble backwards!
The vampire mosquito bites you but does no damage.
You take 7 damage, and have 20/101 hp.
You now have 10/32 mp.
Unknown command.
Casting: Olgreb's Toxic Radiance
Confirm with . or Enter, or press ? or * to list all spells.
Aiming: Summon Lightning Spire
Press: ? - help, Dir - move target cursor An electric hum fills the air.
The elephant looks more healthy.
The vampire mosquito barely misses you. The elephant closely misses you.
The elephant barely misses you.
The vampire mosquito closely misses you.
You now have 7/32 mp.
The elephant is poisoned.
The vampire mosquito misses you.
You hit the vampire mosquito.
The vampire mosquito is moderately damaged.
You hit the elephant.
The elephant looks even sicker.
Your toxic aura wanes.
Xom grants you insight.
You detect items!
The vampire mosquito barely misses you.
The vampire mosquito closely misses you.
You hit the vampire mosquito. You tail-slap the vampire mosquito.
The vampire mosquito is heavily damaged.
You completely miss the elephant. You hit the elephant but do no damage.
The elephant tramples you!
* * * LOW HITPOINT WARNING * * *
You stumble backwards!
The vampire mosquito bites you!
* * * LOW HITPOINT WARNING * * *
The vampire mosquito draws strength from your injuries!
Your lightning spire shoots out a bolt of lightning at the elephant!
The bolt of electricity hits the elephant.
The elephant dies!
You take 17 damage, and have 4/101 hp.
The vampire mosquito bites your lightning spire but does no damage.
The vampire mosquito bites your lightning spire.
The vampire mosquito bites your lightning spire but does no damage.
The vampire mosquito bites your lightning spire.
The elephant tramples your lightning spire.
The elephant trunk-slaps your lightning spire but does no damage.
Your lightning spire shoots out a bolt of lightning at the vampire mosquito!
The bolt of electricity misses the vampire mosquito.
The vampire mosquito bites your lightning spire.
The elephant tramples your lightning spire but does no damage.
The elephant trunk-slaps your lightning spire.
The vampire mosquito bites your lightning spire but does no damage.
Casting: Summon Lightning Spire
Confirm with . or Enter, or press ? or * to list all spells.
Okay, then.
Casting: Summon Lightning Spire
Confirm with . or Enter, or press ? or * to list all spells.
Aiming: Magic Dart
Press: ? - help, Shift-Dir - straight line, f - elephant
Aim: an elephant (almost dead, poisoned)
The magic dart hits the elephant.
The elephant is almost dead.
The vampire mosquito bites your lightning spire but does no damage.
The elephant tramples your lightning spire.
The elephant trunk-slaps your lightning spire but does no damage.
The vampire mosquito bites your lightning spire.
You now have 7/32 mp.
Casting: Magic Dart
Confirm with . or Enter, or press ? or * to list all spells.
Aiming: Magic Dart
Press: ? - help, Shift-Dir - straight line, f/p - elephant
Aim: an elephant (almost dead, poisoned)
The magic dart hits the elephant.
The elephant is almost dead.
The vampire mosquito bites your lightning spire but does no damage.
The elephant tramples your lightning spire.
The elephant trunk-slaps your lightning spire but does no damage.
The vampire mosquito bites your lightning spire but does no damage.
You now have 6/32 mp.
Casting: Magic Dart
Confirm with . or Enter, or press ? or * to list all spells.
Aiming: Summon Lightning Spire
Press: ? - help, Dir - move target cursor, p - elephant An electric hum fills the air.
You are near starving!
Your lightning spire disappears in a puff of smoke!
The elephant tramples your lightning spire!
The elephant trunk-slaps your lightning spire.
You now have 3/32 mp.
You barely miss the vampire mosquito.
The vampire mosquito is moderately damaged.
The vampire mosquito bites you!
You die...

. ###.....P...#####..
...##..#.#P..#..##.....
..$..............†......
.....#.......#...##.....
....#........##..##.....
....###...##.##...#.....
∆
.....##....#.#..........
...........>.....##.....
.......@y........##P.###
.........8Y.......##...
........................
........................
......................
..................##..
#...##♣♣..####....# ##
.... ♣♣## #.....#
##....##


You could see an elephant, a vampire mosquito and a friendly lightning spire.

Vanquished Creatures
  2 hydras (Lair:1)
  Erica (Lair:2)
  2 two-headed ogres
  Sonja (Lair:2)
  The ghost of cathy the Carver, a novice DsWn of Ashenzari (D:8)
  An unseen horror (D:9)
  An elephant (Lair:4)
  A black mamba (Lair:1)
  3 spiny frogs
  Joseph (D:8)
  A rime drake (Lair:2)
  A komodo dragon (Lair:2)
  2 polar bears
  Grinder (D:6)
  A hornet (D:11)
  10 dream sheep (Lair:4)
  A wyvern (Lair:3)
  17 yaks
  A basilisk (Lair:1)
  A hungry ghost (D:10)
  A vampire mosquito (Lair:4)
  A soldier ant (Lair:2)
  8 water moccasins
  A naga (Lair:2)
  5 porcupines
  4 ice beasts
  2 orc warriors
  3 sky beasts
  A black bear (D:6)
  4 centaurs
  2 necrophages
  3 ogres
  6 crocodiles
  A big kobold (Sewer)
  11 bullfrogs
  A wyvern zombie (D:8)
  A scorpion (D:8)
  11 killer bees
  7 wights
  3 howler monkeys (D:10)
  3 crimson imps
  2 hounds
  3 centaur skeletons
  A centaur zombie (D:5)
  2 jellies
  9 orc wizards
  3 orc priests (D:4)
  2 bullfrog skeletons (D:7)
  2 iguanas (D:9)
  5 worker ants
  3 hound skeletons
  A mummy (D:4)
  A worker ant zombie (D:5)
  13 adders
  3 gnolls (D:10)
  A river rat (Sewer)
  2 shadow imps
  An ooze (D:4)
  An adder skeleton (D:8)
  2 worms (D:3)
  4 dart slugs
  3 leopard geckos
  35 orcs
  A ball python (D:1)
  3 giant cockroaches
  11 goblins
  8 hobgoblins
  10 jackals
  8 kobolds
  3 quokkas
  6 bats
  5 frilled lizards
  A quokka skeleton (D:10)
  A quokka zombie (D:5)
  13 rats
  A fungus (Lair:4)
  3 plants (Lair:1)
302 creatures vanquished.

Vanquished Creatures (collateral kills)
  2 hydras (Lair:3)
  An ugly thing (IceCv)
  An elephant (Lair:4)
  A black mamba (Lair:3)
  A human (Lair:2)
  A naga (Lair:2)
  3 ice beasts (IceCv)
  A crocodile (Lair:2)
11 creatures vanquished.

Vanquished Creatures (others)
  A centaur (D:10)
  An orc wizard (D:4)
  A fire vortex (IceCv)
  2 fungi (Lair:1)
  41 plants (Lair:1)
46 creatures vanquished.

Grand Total: 359 creatures vanquished

Notes
Turn   | Place    | Note
-------+----------+-------------------------------------------
     0 | D:1      | Monsterracer the Draconian Venom Mage began the quest for the Orb.
     0 | D:1      | Reached XP level 1. HP: 14/14 MP: 3/3
   334 | D:1      | Reached XP level 2. HP: 20/20 MP: 0/5
   460 | D:1      | Learned a level 2 spell: Poisonous Vapours
   914 | D:1      | Reached XP level 3. HP: 25/26 MP: 0/6
   947 | D:1      | Learned a level 3 spell: Mephitic Cloud
  2551 | D:2      | Reached XP level 4. HP: 22/33 MP: 0/7
  2676 | D:3      | HP: 14/33 [worm (5)]
  2684 | D:3      | HP: 13/33 [giant cockroach (2)]
  2739 | D:3      | HP: 14/33 [worm (6)]
  2765 | D:3      | Found a glowing drain.
  2804 | Sewer    | Entered a sewer
  2999 | Sewer    | Noticed a big kobold
  3011 | Sewer    | Killed a big kobold
  3011 | Sewer    | Reached XP level 5. HP: 30/38 MP: 1/9
  3183 | Sewer    | Found a white marble altar of Elyvilon.
  3344 | D:2      | Learned a level 4 spell: Olgreb's Toxic Radiance
  3357 | D:3      | HP: 18/38 [orc wizard/dagger (3)]
  3365 | D:3      | HP: 14/38 [orc wizard/magic dart (4)]
  3366 | D:3      | Reached XP level 6. HP: 16/45 MP: 7/10
  4296 | D:4      | HP: 21/45 [mummy (7)]
  4298 | D:4      | HP: 5/45 [mummy (15)]
  4785 | D:4      | Reached skill level 5 in Poison Magic
  4936 | D:4      | Reached skill level 1 in Axes
  4948 | D:4      | HP: 22/45 [orc wizard/dagger (1)]
  4949 | D:4      | Your scales start taking on a golden yellow colour.
  4949 | D:4      | Reached XP level 7. HP: 25/50 MP: 1/12
  4955 | D:4      | HP: 23/50 [poisoned by miscasting Olgreb's Toxic Radiance (residual poison)]
  4962 | D:4      | HP: 22/50 [poisoned by miscasting Olgreb's Toxic Radiance (residual poison)]
  5808 | D:4      | Found a snail-covered altar of Cheibriados.
  5908 | D:4      | Learned a level 4 spell: Summon Lightning Spire
  5912 | D:5      | Entered Level 5 of the Dungeon
  6073 | D:5      | Found a shattered altar of Ashenzari.
  6179 | D:5      | Reached skill level 1 in Fighting
  6442 | D:5      | Reached skill level 1 in Air Magic
  6713 | D:6      | Reached skill level 5 in Conjurations
  6713 | D:6      | Reached XP level 8. HP: 43/59 MP: 14/14
  6915 | D:6      | Noticed Grinder
  6923 | D:6      | Paralysed by Grinder for 6 turns
  6927 | D:6      | HP: 26/59 [Grinder (7)]
  6934 | D:6      | HP: 33/88 [Grinder (2)]
  6941 | D:6      | HP: 28/88 [Grinder (3)]
  6948 | D:6      | Killed Grinder
  7473 | D:6      | Found a staircase to the Ecumenical Temple.
  7479 | Temple   | Entered the Ecumenical Temple
  7740 | Temple   | Became a worshipper of Xom of Chaos
  7820 | D:6      | Found Xuasted's Magic Scroll Shoppe.
  7830 | D:6      | Bought a scroll of enchant weapon for 90 gold pieces
  7830 | D:6      | Bought a scroll of enchant armour for 90 gold pieces
  7830 | D:6      | Bought a scroll of teleportation for 36 gold pieces
  7830 | D:6      | Bought a scroll of immolation for 42 gold pieces
  8020 | D:7      | XOM: stealth player
  8255 | D:7      | Found Botan's Weapon Shop.
  8470 | D:7      | XOM is BORED!
  8470 | D:7      | XOM: harmless Conj miscast
  8944 | D:8      | HP: 24/62 [wyvern zombie (8)]
  8950 | D:8      | HP: 6/62 [wyvern zombie (7)]
  8954 | D:8      | XOM: harmless Pois miscast
  8959 | D:8      | HP: 28/63 [centaur skeleton (8)]
  8962 | D:8      | Noticed cathy's ghost (novice DsWn)
  8962 | D:8      | XOM: potion effect (might)
  8966 | D:8      | XOM: potion effect (berserk rage)
  8967 | D:8      | HP: 31/94 [cathy's ghost (11)]
  8969 | D:8      | XOM: potion effect (might)
  8974 | D:8      | HP: 28/94 [cathy's ghost (5)]
  8976 | D:8      | XOM: potion effect (might)
  8978 | D:8      | Killed cathy's ghost
  8978 | D:8      | Reached skill level 5 in Axes
  8978 | D:8      | Reached skill level 5 in Spellcasting
  8978 | D:8      | Reached XP level 9. HP: 32/71 MP: 14/16
  9357 | D:8      | XOM: blink monster(s)
  9360 | D:8      | XOM: mild Necr miscast
  9465 | D:8      | XOM: god gift: 14 stones
  9498 | D:8      | XOM: harmless Fire miscast
  9529 | D:8      | XOM: harmless Pois miscast
  9612 | D:8      | Noticed Joseph
  9623 | D:8      | XOM: butterfly on damage
  9635 | D:8      | HP: 30/71 [Joseph/uncursed quarterstaff (8)]
  9637 | D:8      | Killed Joseph
  9756 | D:8      | XOM: 1-stop teleportation journey
 10229 | D:9      | XOM: give mutations
 10229 | D:9      | Gained mutation: You are frail. (-10% HP) [Xom's mischief]
 10229 | D:9      | Gained mutation: You expend magic power (3 MP) to strengthen your wands. [Xom's mischief]
 10229 | D:9      | Gained mutation: You are dopey. (Int -2) [Xom's mischief]
 10235 | D:9      | HP: 24/64 [something (9)]
 10240 | D:9      | HP: 17/64 [something (3)]
 10246 | D:9      | HP: 4/64 [something (9)]
 10571 | D:9      | Killed an unseen horror
 10621 | D:9      | XOM: cast spell 'Leda's Liquefaction'
 10635 | D:9      | Reached XP level 10. HP: 39/72 MP: 18/18
 10636 | D:9      | HP: 35/72 [poisoned by a water moccasin]
 10641 | D:9      | HP: 30/72 [poisoned by a water moccasin]
 10644 | D:9      | XOM: harmless Tmut miscast
 10646 | D:9      | HP: 26/72 [poisoned by a water moccasin]
 10652 | D:9      | HP: 24/72 [poisoned by a water moccasin]
 10658 | D:9      | HP: 22/72 [poisoned by a water moccasin]
 10666 | D:9      | HP: 22/72 [poisoned by a water moccasin]
 10674 | D:9      | HP: 22/72 [poisoned by a water moccasin]
 10747 | D:9      | HP: 35/72 [adder (3)]
 10806 | D:9      | HP: 32/72 [iguana (12)]
 11001 | D:9      | XOM: harmless Hex miscast
 11024 | D:9      | XOM: potion effect (haste)
 11391 | D:9      | Reached skill level 5 in Fighting
 11424 | D:9      | XOM: mild Tmut miscast
 11542 | D:9      | XOM: harmless Conj miscast
 11609 | D:9      | Noticed a two-headed ogre
 11621 | D:9      | XOM: potion effect (magic)
 11631 | D:9      | Killed a two-headed ogre
 11834 | D:9      | XOM: divination: detect items
 11886 | D:9      | HP: 36/72 [yak (4)]
 12377 | D:10     | Entered Level 10 of the Dungeon
 12523 | D:10     | Identified a scroll of acquirement
 12676 | D:10     | XOM: 1-stop teleportation journey
 12681 | D:10     | XOM: polymorph hound -> adder
 12708 | D:10     | Noticed Nergalle
 12724 | D:10     | XOM: cast spell 'Disjunction'
 12832 | D:10     | Found a staircase to the Orcish Mines.
 12839 | D:10     | Reached skill level 5 in Air Magic
 12936 | D:10     | XOM: potion effect (brilliance)
 13067 | D:10     | Noticed a two-headed ogre
 13084 | D:10     | Killed a two-headed ogre
 13170 | D:10     | Reached XP level 11. HP: 65/80 MP: 17/20
 13224 | D:10     | XOM: harmless Chrm miscast
 13311 | D:10     | Reached skill level 1 in Summonings
 13413 | D:10     | Found a portal to a secret trove of treasure.
 13813 | D:11     | Paralysed by a hornet for 1 turns
 13894 | D:11     | XOM: harmless Necr miscast
 13899 | D:11     | XOM: god gift: 46 gold pieces
 13962 | D:11     | Found a staircase to the Lair.
 14075 | D:10     | Identified the +8 chain mail "Wucuuj" {Str+5 Dex+4} (You found it on level 10 of the Dungeon)
 14150 | Lair:1   | Entered Level 1 of the Lair of Beasts
 14166 | Lair:1   | XOM: confuse monster(s)
 14175 | Lair:1   | HP: 37/80 [porcupine's spines (8)]
 14373 | Lair:1   | XOM: silly message
 14438 | Lair:1   | XOM: mild Tloc miscast
 14562 | Lair:1   | HP: 38/80 [yak (10)]
 14567 | Lair:1   | XOM: summons 2 hostile demons
 14576 | Lair:1   | HP: 16/80 [iron imp[Xom] (11)]
 14595 | Lair:1   | XOM: scenery: create altars
 14931 | Lair:1   | HP: 29/80 [spiny frog (22)]
 14934 | Lair:1   | HP: 8/80 [spiny frog (22)]
 14937 | Lair:1   | HP: 1/120 [spiny frog (4)]
 14941 | Lair:1   | Reached skill level 10 in Poison Magic
 15124 | Lair:1   | XOM: summons 3 hostile shadow creatures
 15126 | Lair:1   | HP: 34/81 [komodo dragon[Xom] (8)]
 15136 | Lair:1   | HP: 32/81 [hippogriff[Xom] (5)]
 15153 | Lair:1   | Noticed a four-headed hydra
 15154 | Lair:1   | HP: 25/81 [hippogriff[Xom] (2)]
 15155 | Lair:1   | Noticed a four-headed hydra
 15519 | Lair:1   | XOM: divination: detect creatures
 15693 | Lair:1   | HP: 30/81 [four-headed hydra (11)]
 15696 | Lair:1   | HP: 13/81 [four-headed hydra (7)]
 16004 | Lair:1   | HP: 40/81 [porcupine (7)]
 16007 | Lair:1   | HP: 18/81 [porcupine (6)]
 16044 | D:11     | HP: 25/81 [acid (1)]
 16131 | D:7      | XOM: harmless Air miscast
 16158 | D:6      | Bought a scroll of teleportation for 36 gold pieces
 16158 | D:6      | Bought a scroll of magic mapping for 42 gold pieces
 16343 | D:5      | HP: 37/81 [centaur (5)]
 16385 | D:5      | XOM: god gift: forked copper wand {god gift}
 16497 | D:5      | XOM: harmless Chrm miscast
 16921 | Lair:1   | HP: 38/81 [five-headed hydra (6)]
 16922 | Lair:1   | HP: 16/81 [five-headed hydra (11)]
 16927 | Lair:1   | XOM: fog
 16928 | Lair:1   | XOM: divination: magic mapping
 16930 | Lair:1   | HP: 8/81 [five-headed hydra (10)]
 16930 | Lair:1   | HP: 1/81 [five-headed hydra (7)]
 16931 | Lair:1   | Killed a five-headed hydra
 17295 | Lair:1   | XOM: harmless Pois miscast
 17304 | Lair:1   | HP: 32/81 [four-headed hydra (15)]
 17306 | Lair:1   | Killed a four-headed hydra
 17306 | Lair:1   | Reached skill level 1 in Evocations
 17977 | Lair:1   | XOM: give mutations
 17977 | Lair:1   | Gained mutation: Scrolls take you a little longer to read. [Xom's mischief]
 17977 | Lair:1   | Lost mutation: You are frail. (-10% HP) [Xom's mischief]
 17977 | Lair:1   | Gained mutation: Your body sometimes deteriorates upon taking damage. [Xom's mischief]
 18118 | Lair:2   | Found a staircase to the Snake Pit.
 18118 | Lair:2   | XOM: 1-stop teleportation journey
 18119 | Lair:2   | Noticed Erica
 18119 | Lair:2   | Noticed Sonja
 18121 | Lair:2   | Killed Sonja
 18125 | Lair:2   | HP: 45/91 [naga/mace (2)]
 18130 | Lair:2   | HP: 36/91 [poisoned by a naga (splash of poison)]
 18135 | Lair:2   | HP: 31/91 [poisoned by a naga (splash of poison)]
 18140 | Lair:2   | HP: 29/91 [poisoned by a naga (splash of poison)]
 18146 | Lair:2   | HP: 26/91 [poisoned by a naga (splash of poison)]
 18151 | Lair:2   | HP: 15/91 [poisoned by a naga (splash of poison)]
 18156 | Lair:2   | HP: 10/91 [something (9)]
 18158 | Lair:2   | Killed Erica
 18162 | Lair:2   | HP: 5/92 [poisoned by a naga (splash of poison)]
 18206 | Lair:2   | XOM: severe Fire miscast
 18207 | Lair:2   | HP: 3/92 [burnt (12)]
 18207 | Lair:2   | XOM: severe Erth miscast
 18298 | Lair:2   | XOM: mild Tloc miscast
 18326 | Lair:2   | XOM: give mutations
 18326 | Lair:2   | Lost mutation: You expend magic power (3 MP) to strengthen your wands. [Xom's mischief]
 18326 | Lair:2   | Lost mutation: You are dopey. (Int -2) [Xom's mischief]
 18326 | Lair:2   | Gained mutation: You are clumsy. (Dex -2) [Xom's mischief]
 18326 | Lair:2   | Gained mutation: You are very clumsy. (Dex -4) [Xom's mischief]
 18333 | Lair:2   | HP: 44/92 [polar bear (14)]
 18339 | Lair:2   | HP: 20/92 [polar bear (15)]
 18342 | Lair:2   | HP: 8/92 [polar bear (3)]
 18409 | Lair:2   | XOM: mild Conj miscast
 18629 | Lair:2   | XOM: harmless Air miscast
 18634 | Lair:2   | XOM: polymorph water moccasin -> soldier ant
 18645 | Lair:2   | XOM: blink monster(s)
 18686 | Lair:2   | Found a frozen archway.
 18696 | Lair:2   | XOM: polymorph crocodile -> human
 18699 | Lair:2   | HP: 45/92 [human (6)]
 18814 | IceCv    | Entered an ice cave
 18814 | IceCv    | Noticed a white ugly thing
 18818 | IceCv    | XOM: harmless Air miscast
 18819 | IceCv    | Reached XP level 12. HP: 57/100 MP: 22/22
 18821 | IceCv    | Reached skill level 5 in Dodging
 18821 | IceCv    | HP: 47/100 [white ugly thing (10)]
 18822 | IceCv    | HP: 19/100 [white ugly thing (6)]
 18822 | IceCv    | HP: 3/100 [white ugly thing (16)]
 18824 | IceCv    | XOM: medium Chrm miscast
 18832 | IceCv    | HP: 40/100 [ice beast (4)]
 18935 | IceCv    | XOM: harmless Hex miscast
 18938 | IceCv    | Found a transporter.
 19029 | IceCv    | XOM: draining
 19080 | IceCv    | XOM: mild Fire miscast
 19087 | IceCv    | XOM: give mutation
 19087 | IceCv    | Gained mutation: You are dopey. (Int -2) [Xom's mischief]
 19165 | IceCv    | XOM: harmless Tloc miscast
 19172 | IceCv    | HP: 33/100 [ice statue/bolt of cold (37)]
 19177 | IceCv    | HP: 11/100 [ice statue] (10)]
 19177 | IceCv    | XOM: 4-stop teleportation journey
 19284 | Lair:2   | XOM: summons 4 hostile demons
 19286 | Lair:2   | XOM: 2-stop teleportation journey
 19461 | Lair:2   | XOM: 1-stop teleportation journey
 19728 | Lair:2   | HP: 50/100 [crocodile (6)]
 19827 | Lair:2   | XOM: god gift: phantom mirror
 20155 | Lair:2   | XOM: god gift: 8 tomahawks of returning
 20271 | Lair:2   | XOM: divination: magic mapping
 20374 | Lair:3   | XOM: fog
 20375 | Lair:3   | XOM: summons 9 friendly demons
 20383 | Lair:3   | Noticed a six-headed hydra
 20389 | Lair:3   | Killed a six-headed hydra
 20394 | Lair:3   | XOM: give mutation
 20394 | Lair:3   | Gained mutation: Your spells are a little harder to cast, but a little more powerful. [Xom's grace]
 20468 | Lair:3   | XOM: give mutations
 20468 | Lair:3   | Lost mutation: Scrolls take you a little longer to read. [Xom's grace]
 20468 | Lair:3   | Gained mutation: You have supernaturally acute eyesight. (SInv) [Xom's grace]
 20468 | Lair:3   | Gained mutation: You can translocate small distances at will. [Xom's grace]
 20468 | Lair:3   | Gained mutation: You have sharp toenails. [Xom's grace]
 20594 | Lair:3   | XOM: confuse monster(s)
 20627 | Lair:3   | XOM: 2-stop teleportation journey
 20823 | Lair:3   | XOM: god gift: 33 gold pieces
 20914 | Lair:3   | XOM: god gift: book of Minor Magic
 20920 | Lair:3   | Learned a level 3 spell: Conjure Flame
 20923 | Lair:3   | Learned a level 2 spell: Blink
 20926 | Lair:3   | Learned a level 1 spell: Magic Dart
 20936 | Lair:3   | Noticed a four-headed hydra
 20942 | Lair:3   | XOM: scenery: create altars
 20945 | Lair:3   | HP: 42/100 [four-headed hydra (14)]
 20957 | Lair:3   | XOM: cleaving
 20959 | Lair:3   | Killed a four-headed hydra
 21151 | Lair:3   | XOM: scenery: create altars
 21221 | Lair:3   | XOM: god gift: blue potion {god gift}
 21241 | Lair:3   | HP: 49/100 [poisoned by a black mamba]
 21246 | Lair:3   | HP: 43/100 [poisoned by a black mamba]
 21251 | Lair:3   | HP: 40/100 [poisoned by a black mamba]
 21256 | Lair:3   | HP: 37/100 [poisoned by a black mamba]
 21262 | Lair:3   | HP: 35/100 [poisoned by a black mamba]
 21268 | Lair:3   | HP: 35/100 [poisoned by a black mamba]
 21276 | Lair:3   | HP: 35/100 [poisoned by a black mamba]
 21567 | Lair:3   | XOM: cleaving
 21574 | Lair:3   | Reached skill level 10 in Axes
 21907 | Lair:4   | XOM: potion effect (heal wounds)
 22147 | Lair:4   | XOM: potion effect (magic)
 22158 | Lair:4   | HP: 41/101 [elephant (16)]
 22164 | Lair:4   | HP: 30/101 [elephant (4)]
 22170 | Lair:4   | HP: 28/101 [elephant (2)]
 22178 | Lair:4   | HP: 20/101 [elephant (7)]
 22181 | Lair:4   | XOM: divination: detect items
 22182 | Lair:4   | HP: 4/101 [vampire mosquito (9)]
 22189 | Lair:4   | Slain by a vampire mosquito

Skill      XL: |  1  2  3  4  5  6  7  8  9 10 11 12 |
---------------+-------------------------------------+-----
Conjurations   | 2 3 4 5 |  5.0
Spellcasting   | 3 4 5 6 7 |  7.5
Poison Magic   | 4 5 6 7 8 9 10 | 10.0
Axes           | 1 3 5 6 8 9 10 | 10.4
Fighting       | 1 3 4 5 7 |  7.8
Air Magic      | 1 3 4 5 6 |  6.6
Dodging        | 2 3 4 5 |  5.6
Summonings     | 3 4 |  4.6
Evocations     | 2 3 |  3.4
Stealth        | 2 |  2.5

Action                   |  1- 3 |  4- 6 |  7- 9 | 10-12 || total
-------------------------+-------+-------+-------+-------++-------
Melee: Unarmed           |    21 |       |       |       ||    21
       Tailslap          |     4 |     5 |    16 |    56 ||    81
       Dagger            |    56 |       |       |       ||    56
       Quarterstaff      |     3 |    83 |       |       ||    86
       Hand axe          |       |    32 |   238 |    29 ||   299
       Mace              |       |       |    33 |    12 ||    45
       War axe           |       |       |       |   438 ||   438
 Cast: Sting             |    76 |       |       |       ||    76
       Poisonous Vapours |     2 |    31 |    26 |    37 ||    96
       Olgreb's Toxic Ra |       |     2 |     6 |    30 ||    38
       Mephitic Cloud    |       |       |       |     4 ||     4
       Summon Lightning  |       |       |       |    14 ||    14
       Magic Dart        |       |       |       |     2 ||     2
 Abil: Breathe Acid      |       |       |     5 |    13 ||    18
Evoke: Wand              |       |       |       |    13 ||    13
  Use: Scroll            |     6 |     4 |     9 |    14 ||    33
       Potion            |       |     1 |     3 |     6 ||    10
 Stab: Sleeping          |       |     1 |     4 |     1 ||     6
       Distracted        |       |     1 |       |       ||     1
       Confused          |       |       |       |     2 ||     2
       Paralysed         |       |       |       |     3 ||     3
  Eat: Chunk             |     5 |    11 |    10 |    22 ||    48
       Ration            |       |       |     4 |     6 ||    10
Armor: Skin              |    35 |    41 |   153 |   234 ||   463
Dodge: Dodged            |    75 |    93 |   148 |   379 ||   695
Block: Other             |       |       |     8 |    72 ||    80
       Reflection        |       |       |       |     5 ||     5

Vault maps used:
D:1:      mrwooster_arrival_statue_3
D:3:      first_ration, portal_sewer_entry_a, kennysheep_generic_room_7
D:4:      chei_slow_surprise
D:5:      kennysheep_spiral_hall, cheibrodos_ashenzari_chains
D:6:      temple_statues, serial_shops, nicolae_shop_stone, uniq_grinder
D:7:      serial_shops, nicolae_shop_crystal
D:8:      uniq_joseph
D:10:     orc_0_dummy, nicolae_trove_entry_diagonal, uniq_nergalle
D:11:     lair_entry_dummy, serial_shops, shop, nicolae_shop_window_shopping,
          hangedman_ranch, minmay_misc_feat_four_crosses, lemuel_hellish_altar,
          uniq_grum
Temple:   nicolae_temple_the_god_donut
Lair:1:   serial_forest, infiniplex_forest_lined_room_3,
          infiniplex_forest_end_3, infiniplex_forest_lined_corner,
          infiniplex_forest_3_way, infiniplex_forest_lined_1,
          infiniplex_forest_end_3, beast_lair_carwin_6
Lair:2:   guppyfry_snake_entry_island, portal_ice_cave_entry_pillars_1,
          lemuel_fruit_tree, lemuel_fruit_fields, uniq_sonja, uniq_erica
Lair:4:   minmay_swamp_entry_swarm
Sewer:    sewer_kobolds
IceCv:    ice_cave_statue_garden_teleport
